 Dungeon Crawl Stone Soup version 0.21-a0-37-g7dc85f4 (webtiles) character file.

86 blackwizard the Firebug (level 4, 0/40 HPs)
             Began as a Troll Fire Elementalist on May 28, 2017.
             Was an Initiate of Ashenzari.
             Slain by an iguana (6 damage)
             ... on level 3 of the Dungeon.
             The game lasted 00:12:08 (2061 turns).

blackwizard the Firebug (Troll Fire Elementalist)   Turns: 2061, Time: 00:12:09

Health: 0/40       AC:  5    Str: 17    XL:     4   Next: 26%
Magic:  4/5        EV: 10    Int: 16    God:    Ashenzari [......]
Gold:   134        SH:  0    Dex: 10    Spells: 4/5 levels left

rFire    . . .     SeeInvis .   l - +0 short sword
rCold    . . .     Gourm    +   (no shield)
rNeg     . . .     Faith    +   a - +0 robe
rPois    .         Spirit   .   (helmet restricted)
rElec    .         Reflect  .   p - scarf {cloud immunity}
rCorr    .         Harm     .   (gloves unavailable)
MR       .....                  (boots unavailable)
Stlth    +.........             y - amulet of faith
Regen    0.6/turn               x - +5 ring of intelligence
MPRegen  0.1/turn               (no ring)

@: no status effects
A: unfitting armour, claws 3, fast metabolism 3, gourmand, regeneration 1,
shaggy fur 1, tough skin 2
a: Curse Item, Renounce Religion


You were on level 3 of the Dungeon.
You worshipped Ashenzari.
Ashenzari was noncommittal.
You were not hungry.

You visited 1 branch of the dungeon, and saw 3 of its levels.

You collected 134 gold pieces.

Inventory:

Hand Weapons
 d - a +0 dagger
 l - a +0 short sword (weapon)
Missiles
 g - 103 stones (quivered)
 n - 14 bolts
 s - 74 arrows
Armour
 a - a +0 robe (worn)
 p - a scarf of cloud immunity (worn)
Jewellery
 x - a +5 ring of intelligence (left claw)
 y - an amulet of faith (around neck)
Scrolls
 e - 2 scrolls of teleportation {unknown}
 h - 2 scrolls of remove curse
 i - a scroll of fog {unknown}
 j - 2 scrolls of enchant armour {unknown}
 k - a scroll of immolation {unknown}
 m - a scroll of enchant weapon {unknown}
 o - a scroll of blinking {unknown}
 q - 3 scrolls of identify {unknown}
 w - a scroll of amnesia {unknown}
Potions
 f - 2 potions of resistance {unknown}
 u - a potion of brilliance {unknown}
 v - a potion of ambrosia {unknown}
 z - 3 potions of curing {unknown}
Books
 b - a book of Flames

   Spells                             Type                      Level
   a - Flame Tongue                   Conjuration/Fire             1
   b - Throw Flame                    Conjuration/Fire             2
   c - Conjure Flame                  Conjuration/Fire             3
   d - Inner Flame                    Hexes/Fire                   3
   e - Sticky Flame                   Conjuration/Fire             4
   f - Fireball                       Conjuration/Fire             5
Comestibles
 c - 2 bread rations
 r - a meat ration
 t - a royal jelly
 A - 6 chunks of flesh


   Skills:
 + Level 0.5 Fighting
 + Level 1.0 Short Blades
 + Level 2.5 Dodging
 + Level 1.2 Stealth
 + Level 1.4 Spellcasting
 + Level 0.7 Conjurations
 + Level 2.5 Fire Magic


You had 4 spell levels left.
You knew the following spells:

 Your Spells              Type           Power        Failure   Level  Hunger
a - Flame Tongue          Conj/Fire      #....        11%         1    ##.....


Dungeon Overview and Level Annotations

Branches:
Dungeon (3/15)

Altars:
Ashenzari


Innate Abilities, Weirdness & Mutations

You are too large for most types of armour.
You have claws for hands.
Your metabolism is lightning-fast.
You like to eat raw meat.
Your natural rate of healing is unusually fast.
You are covered in fur. (AC +1)
You have very tough skin. (AC +2)


Message History

The orc wizard is almost dead.
The hobgoblin hits you. The orc wizard barely misses you. The iguana bites you!
You hit the orc wizard but do no damage.
The orc wizard is almost dead.
The hobgoblin completely misses you. The orc wizard closely misses you.
The iguana bites you!
* * * LOW HITPOINT WARNING * * *
The orc wizard looks encouraged for a moment.
The orc wizard casts a spell.
The orc wizard seems to speed up.
Casting: Flame Tongue
Confirm with . or Enter, or press ? or * to list all spells.
Aiming: Flame Tongue
Press: ? - help, Shift-Dir - straight line, f - iguana
Aim: an iguana The flame tongue hits the iguana.
The iguana is moderately wounded.
The hobgoblin hits you but does no damage.
The iguana bites you.
You die...

######### #@.......
#gl####.#
###############o.####..##
#..........รท..<.........#
#)#############..####..##
##.# #........ .#.#
#..#####. .#.# ...# .#.#
.#..#


You could see an iguana, an orc wizard and a hobgoblin.

Vanquished Creatures
  An orc wizard (D:3)
  An adder (D:2)
  A worm (D:3)
  A dart slug (D:1)
  2 leopard geckos
  An orc (D:3)
  9 bats
  3 giant cockroaches
  7 goblins
  2 hobgoblins
  5 jackals
  2 kobolds (D:2)
  6 rats
41 creatures vanquished.

Notes
Turn   | Place    | Note
-------+----------+-------------------------------------------
     0 | D:1      | blackwizard the Troll Fire Elementalist began the quest for the Orb.
     0 | D:1      | Reached XP level 1. HP: 16/16 MP: 1/1
   544 | D:1      | Reached XP level 2. HP: 24/24 MP: 0/3
   576 | D:1      | Found a shattered altar of Ashenzari.
   588 | D:1      | Became a worshipper of Ashenzari the Shackled
   812 | D:1      | You fall through a shaft!
  1132 | D:2      | Paralysed by fainting for 5 turns
  1316 | D:2      | Reached XP level 3. HP: 31/31 MP: 4/4
  1549 | D:2      | Paralysed by fainting for 8 turns
  1987 | D:3      | Reached skill level 1 in Short Blades
  1987 | D:3      | Reached XP level 4. HP: 23/40 MP: 3/5
  2061 | D:3      | Slain by an iguana

Vault maps used:
D:1:      dpeg_arrival_refuge, minmay_misc_feat_four_crosses, nrook_uturn,
          evilmike_ruin_ashenzari
D:3:      minmay_misc_feat_encased

Skill      XL: |  1  2  3 |
---------------+----------+-----
Dodging        | 2 |  2.5
Short Blades   | 1 |  1.0
Fighting       | |  0.5
Stealth        | |  1.2
Spellcasting   | |  1.4
Conjurations   | |  0.7
Fire Magic     | |  2.5

Action                   |  1- 3 |  4- 6 || total
-------------------------+-------+-------++-------
Melee: Unarmed           |    12 |       ||    12
       Dagger            |    56 |       ||    56
       Short sword       |    96 |    35 ||   131
 Cast: Flame Tongue      |    17 |     5 ||    22
 Stab: Sleeping          |     1 |       ||     1
  Eat: Bread ration      |     2 |       ||     2
       Meat ration       |     1 |       ||     1
       Chunk             |     2 |     1 ||     3
Armor: Robe              |   193 |    16 ||   209
Dodge: Dodged            |   222 |    27 ||   249
